General information
			
			
        
        - name: BNet
 
        - type: Ladder team game (AT/RT)
 
        - host: Battle.net
 
        - saver: sc2no_wc4yes
 
        
map: Typhoon 
        - players: 6
 
        - length: 10:17
 
        - speed: Fast
 - version: 1.22 W3XP
 - replay type:  Public
 
» download(51 KB)
Players
        team 1 (loser) 
              
              
riott (
yellow | 63 APM | 647 actions | 10:15)
              
 2 Blood Mage 
 1 Flame Strike
 1 Siphon Mana
 1 Paladin 
 1 Holy Light
 
                » actions 
                
                | Assign group hotkey | 49 |  | 
| Basic commands | 30 |  | 
| Build / train | 33 |  | 
| Enter build submenu | 20 |  | 
| Enter hero's abilities submenu | 4 |  | 
| Remove unit from queue | 2 |  | 
| Right click | 219 |  | 
| Select / deselect | 161 |  | 
| Select group hotkey | 98 |  | 
| Use ability | 31 |  | 
                647 total
 » units 
                
                | Peasant | 9 |  | 
| Footman | 8 |  | 
| Rifleman | 1 |  | 
| Mortar Team | 3 |  | 
                21 total
 » upgrades
                » buildings
                
                | Farm | 8 |  | 
| Barracks | 2 |  | 
| Altar of Kings | 1 |  | 
| Scout Tower | 1 |  | 
| Arcane Tower | 1 |  | 
| Blacksmith | 1 |  | 
| Keep | 1 |  | 
| Lumber Mill | 1 |  | 
| Castle | 1 |  | 
| Workshop | 2 |  | 
                19 total
 » build order
                00:24 Farm
00:40 Barracks
00:43 Altar of Kings
01:02 Farm
01:38 Scout Tower
02:09 Farm
02:12 Arcane Tower
02:49 Blacksmith
03:21 Keep
04:17 Farm
04:19 Lumber Mill
04:45 Barracks
05:11 Farm
05:52 Farm
07:09 Castle
07:41 Farm
08:02 Workshop
09:39 Workshop
09:41 Farm
 
               
              
              
» 
duderr (
red | 35 APM | 357 actions | 10:12)
              
 1 Warden 
 1 Fan of Knives
 
                » actions 
                
                | Assign group hotkey | 5 |  | 
| Basic commands | 4 |  | 
| Build / train | 15 |  | 
| Enter build submenu | 5 |  | 
| Enter hero's abilities submenu | 1 |  | 
| Right click | 156 |  | 
| Select / deselect | 101 |  | 
| Select group hotkey | 39 |  | 
| Use ability | 31 |  | 
                357 total
 » units 
                » buildings
                
                | Altar of Elders | 1 |  | 
| Ancient of War | 1 |  | 
| Moon Well | 2 |  | 
| Tree of Ages | 1 |  | 
                5 total
 » build order
                00:10 Altar of Elders
00:13 Ancient of War
00:20 Moon Well
01:52 Moon Well
05:07 Tree of Ages
 
               
              
              
» 
wpmatrix (
pink | 34 APM | 343 actions | 10:07)
              
 2 Archmage 
 1 Summon Water Elemental
 1 Brilliance Aura
 
                » actions 
                
                | Build / train | 41 |  | 
| Enter build submenu | 24 |  | 
| Enter hero's abilities submenu | 2 |  | 
| Right click | 112 |  | 
| Select / deselect | 131 |  | 
| Use ability | 33 |  | 
                343 total
 » units 
                
                | Peasant | 12 |  | 
| Footman | 14 |  | 
| Priest | 4 |  | 
                30 total
 » buildings
                
                | Altar of Kings | 1 |  | 
| Farm | 5 |  | 
| Barracks | 1 |  | 
| Lumber Mill | 1 |  | 
| Keep | 1 |  | 
| Scout Tower | 12 |  | 
| Town Hall | 1 |  | 
| Guard Tower | 7 |  | 
| Blacksmith | 1 |  | 
| Arcane Sanctum | 1 |  | 
                31 total
 » build order
                00:07 Altar of Kings
00:10 Farm
00:26 Barracks
00:49 Farm
01:18 Lumber Mill
02:31 Farm
03:25 Keep
04:05 Scout Tower
04:48 Town Hall
04:51 Guard Tower
04:58 Farm
05:40 Farm
06:02 Blacksmith
06:06 Arcane Sanctum
06:57 Scout Tower
07:35 Scout Tower
07:39 Scout Tower
07:42 Scout Tower
07:44 Scout Tower
08:06 Guard Tower
08:08 Guard Tower
08:10 Guard Tower
08:14 Guard Tower
08:29 Scout Tower
08:31 Scout Tower
08:34 Scout Tower
08:37 Scout Tower
08:39 Scout Tower
09:03 Guard Tower
09:17 Guard Tower
09:37 Scout Tower
 
               team 2 (winner) 
              
              
sc2no_wc4yes (
green | 73 APM | 751 actions | 10:17)
              
 1 Blood Mage 
 1 Flame Strike
 5 Priestess of the Moon 
 3 Trueshot Aura
 2 Scout
 
                » actions 
                
                | Assign group hotkey | 29 |  | 
| Basic commands | 35 |  | 
| Build / train | 47 |  | 
| ESC pressed | 4 |  | 
| Enter build submenu | 34 |  | 
| Enter hero's abilities submenu | 6 |  | 
| Right click | 238 |  | 
| Select / deselect | 137 |  | 
| Select group hotkey | 168 |  | 
| Use ability | 53 |  | 
                751 total
 » units 
                
                | Peasant | 15 |  | 
| Archer | 6 |  | 
| Footman | 2 |  | 
| Druid of the Talon | 2 |  | 
                25 total
 » buildings
                
                | Altar of Kings | 1 |  | 
| Lumber Mill | 1 |  | 
| Farm | 6 |  | 
| Scout Tower | 14 |  | 
| Arcane Tower | 2 |  | 
| Guard Tower | 6 |  | 
| Moon Well | 4 |  | 
| Tree of Ages | 1 |  | 
| Keep | 1 |  | 
| Barracks | 2 |  | 
| Arcane Vault | 1 |  | 
| Tree of Eternity | 1 |  | 
| Ancient of Wind | 2 |  | 
                42 total
 » build order
                00:05 Altar of Kings
00:10 Lumber Mill
00:22 Farm
01:19 Farm
01:26 Scout Tower
01:50 Scout Tower
01:53 Arcane Tower
02:28 Scout Tower
02:30 Scout Tower
02:40 Arcane Tower
02:58 Guard Tower
03:14 Scout Tower
03:16 Scout Tower
03:51 Guard Tower
05:10 Moon Well
05:11 Tree of Ages
05:18 Scout Tower
05:19 Scout Tower
05:27 Scout Tower
05:40 Keep
05:55 Guard Tower
05:59 Scout Tower
06:21 Guard Tower
06:21 Guard Tower
06:39 Barracks
06:40 Barracks
06:45 Scout Tower
06:46 Scout Tower
06:47 Scout Tower
07:23 Guard Tower
07:55 Farm
07:55 Farm
07:56 Farm
07:56 Farm
08:17 Arcane Vault
08:43 Tree of Eternity
08:44 Ancient of Wind
08:45 Ancient of Wind
09:58 Moon Well
09:59 Moon Well
» items
                
                | Scroll of Regeneration | 2 |  | 
| Scroll of Town Portal | 1 |  | 
| Potion of Healing | 1 |  | 
                4 total
  
               
              
              
malachievol (
orange | 51 APM | 523 actions | 10:16)
              
 1 Blademaster 
 1 Wind Walk
 
                » actions 
                
                | Assign group hotkey | 3 |  | 
| Basic commands | 53 |  | 
| Build / train | 43 |  | 
| Enter build submenu | 10 |  | 
| Enter hero's abilities submenu | 1 |  | 
| Right click | 226 |  | 
| Select / deselect | 142 |  | 
| Select group hotkey | 4 |  | 
| Use ability | 41 |  | 
                523 total
 » units 
                » upgrades
                
                | Pillage | 1 |  | 
| Armor | 1 |  | 
| Melee Weapons | 1 |  | 
                3 total
 » buildings
                
                | Altar of Storms | 1 |  | 
| Orc Burrow | 2 |  | 
| Barracks | 1 |  | 
| Voodoo Lounge | 1 |  | 
| Stronghold | 4 |  | 
| War Mill | 1 |  | 
| Spirit Lodge | 1 |  | 
                11 total
 » build order
                00:09 Altar of Storms
00:20 Orc Burrow
00:39 Barracks
01:32 Orc Burrow
01:50 Voodoo Lounge
05:27 Stronghold
05:28 Stronghold
05:28 Stronghold
06:07 War Mill
08:15 Spirit Lodge
» items
                
                | Healing Salve | 2 |  | 
| Lesser Clarity Potion | 2 |  | 
| Scroll of Speed | 2 |  | 
| Potion of Healing | 1 |  | 
| Potion of Mana | 1 |  | 
                8 total
  
               
              
              
» 
TuIzKoZ_On (
purple | 27 APM | 79 actions | 02:58)
              
                » actions 
                
                | Build / train | 16 |  | 
| Enter build submenu | 7 |  | 
| Remove unit from queue | 1 |  | 
| Right click | 16 |  | 
| Select / deselect | 32 |  | 
| Use ability | 7 |  | 
                79 total
 » units 
                » buildings
                
                | Altar of Elders | 1 |  | 
| Moon Well | 3 |  | 
| Ancient of War | 2 |  | 
                6 total
 » build order
                00:13 Altar of Elders
00:26 Moon Well
01:02 Ancient of War
01:33 Moon Well
02:01 Ancient of War
02:34 Moon Well
 
                Chat log
          (00:31 / Allies) malachievol: grunts shams
(00:33 / Allies) TuIzKoZ_On: plan???
(00:36 / Allies) sc2no_wc4yes: tower rushing
(00:45 / Allies) TuIzKoZ_On: ok i will go mass archers
(00:50 / Allies) TuIzKoZ_On: someone melee
(01:22 / Allies) sc2no_wc4yes: give me wood when the time comes
(02:42 / Allies) sc2no_wc4yes: help pls
(02:55 / Allies) malachievol: omw
(02:58 / All) duderr: did he need to leave?
(02:59 / Allies) malachievol: can you help controll him if he drops
(03:06 / Allies) sc2no_wc4yes: im fucking tower rushing
(03:40 / Allies) sc2no_wc4yes: go there next
(04:05 / Allies) sc2no_wc4yes: fuck you are a noob
(04:14 / Allies) sc2no_wc4yes: i see you again man... tk
(07:28 / Allies) sc2no_wc4yes: wood
(07:40 / Allies) sc2no_wc4yes: dopnt negelct ur base
(07:43 / Allies) sc2no_wc4yes: spend
(07:44 / Allies) sc2no_wc4yes: make units
(08:55 / Allies) sc2no_wc4yes: gold plz and ill get purp a tp
(09:10 / Allies) sc2no_wc4yes: stay back